 Dungeon Crawl Stone Soup version 0.30-a0-591-g3c58d2bc28 (webtiles) character file.

Game seed: 4608497677338047375

33132 bpung the Blocker (level 13, 0/88 HPs)
             Began as a Gargoyle Fighter on Jan 5, 2023.
             Was a High Priest of Makhleb.
             Slain by Rupert
             ... wielding a +4 great mace of protection
              (48 damage)
             ... on level 3 of the Lair of Beasts.
             The game lasted 00:29:52 (11792 turns).

bpung the Blocker (Gargoyle Fighter)               Turns: 11792, Time: 00:29:53

Health: 0/88       AC: 40    Str: 24    XL:     13   Next: 69%
Magic:  11/11      EV:  1    Int: 10    God:    Makhleb [*****.]
Gold:   1210       SH: 29    Dex:  9    Spells: 12/12 levels left

rFire   . . .      SeeInvis +    a - +3 whip (venom)
rCold   + . .      Faith    .    C - +18 shield of the Gong {rElec rN+ Will+ EV-5}
rNeg    + + .      Spirit   .    F - +10 plate armour {ponderous}
rPois   ∞          Reflect  .    w - +2 helmet {SInv}
rElec   +          Harm     +    K - scarf {harm}
rCorr   .          Rampage  .    (no gloves)
Will    +....      Clarity  +    D - +0 pair of boots
Stlth   x                          - amulet of regeneration
HPRegen 1.14/turn                B - ring of protection from cold
MPRegen 0.12/turn                (no ring)

@: slow
A: sickness immunity, AC +9, negative energy resistance 1, electricity
resistance, torment resistance 1, petrification resistance, clarity, low MP 1,
mutation resistance 1
a: Renounce Religion, Minor Destruction, Lesser Servant of Makhleb, Major
Destruction, Greater Servant of Makhleb


You were on level 3 of the Lair of Beasts.
You worshipped Makhleb.
Makhleb was extremely pleased with you.
You visited 3 branches of the dungeon, and saw 15 of its levels.
You also visited: Sewer and Ossuary.

You collected 1210 gold pieces.

Inventory:

Hand Weapons
 a - a +3 whip of venom (weapon)
 b - a +2 flail of electrocution
Missiles
 p - 4 throwing nets
 q - 6 atropa-tipped darts
 t - 8 curare-tipped darts (quivered)
 u - 33 poisoned darts
Armour
 f - a +1 kite shield
 w - a +2 helmet of see invisible (worn)
 C - the +18 shield of the Gong (worn) {rElec rN+ Will+ EV-5}
   (You acquired it on level 11 of the Dungeon)

   It is deafeningly noisy when blocking attacks.
   EV:        It affects your evasion (-5).
   rElec:     It insulates you from electricity.
   rN:        It protects you from negative energy.
   Will:      It increases your willpower.
 D - a +0 pair of boots (worn)
 F - a +10 plate armour of ponderousness (worn)
 K - a scarf of harm (worn)
Jewellery
 l - an amulet of the acrobat
 x - an amulet of regeneration (around neck)
 B - a ring of protection from cold (left hand)
 N - a +6 ring of intelligence
Wands
 c - a wand of quicksilver (10)
 e - a wand of roots (17)
 m - a wand of charming (27)
 n - a wand of flame (16)
 E - a wand of mindburst (10)
Scrolls
 h - 8 scrolls of teleportation
 s - 2 scrolls of enchant weapon
 v - 15 scrolls of identify
 y - 3 scrolls of enchant armour
 z - a scroll of fog
 A - a scroll of acquirement
 G - a scroll of magic mapping
 H - a scroll of silence
 I - 6 scrolls of fear
 M - 2 scrolls of amnesia
Potions
 d - 2 potions of might
 g - 6 potions of cancellation
 i - 5 potions of haste
 j - 5 potions of curing
 k - 6 potions of lignification
 o - 6 potions of heal wounds
 r - 3 potions of flight
 J - 3 potions of brilliance
 L - a potion of berserk rage


   Skills:
 + Level 13.1 Fighting
 + Level 11.8 Maces & Flails
 + Level 13.1 Armour
 + Level 13.1 Shields


You had 12 spell levels left.
You didn't know any spells.
Your spell library contained the following spells:

 Spells                   Type           Power      Damage    Failure   Level
 Necrotise                Necr           0%         1d4       100%        1
 Sandblast                Erth           0%         2d4       100%        1
 Sting                    Tmut/Pois      0%         1d3       100%        1
 Passwall                 Tmut/Erth      0%         N/A       100%        2
 Poisonous Vapours        Pois/Air       0%         N/A       100%        2
 Call Canine Familiar     Summ           0%         N/A       100%        3
 Inner Flame              Hex/Fire       0%         N/A       100%        3
 Mephitic Cloud           Conj/Pois/Air  0%         N/A       100%        3
 Portal Projectile        Hex/Tloc       0%         N/A       100%        3
 Stone Arrow              Conj/Erth      0%         3d7       100%        3
 Vampiric Draining        Necr           0%         2d6       100%        3
 Cause Fear               Hex            0%         N/A       100%        4
 Leda's Liquefaction      Hex/Erth       0%         N/A       100%        4
 Olgreb's Toxic Radiance  Pois           0%         N/A       100%        4
 Agony                    Necr           0%         N/A       100%        5
 Discord                  Hex            0%         N/A       100%        8
 Cigotuvi's Dreadful Rot  Necr/Pois/Air  Unusable   N/A       N/A         2

Dungeon Overview and Level Annotations

Branches:
Dungeon (11/15)            Temple (1/1) D:5            Lair (3/5) D:11
 Spider (0/4) Lair:3          Orc (0/2) D:11          Sewer (visited)
Ossuary (visited)
  Swamp: Lair:2-3    Shoals: Lair:2-3

Altars:
Ashenzari
Cheibriados
Dithmenos
Elyvilon
Fedhas
Gozag
Hepliaklqana
Kikubaaqudgha
Makhleb
Nemelex Xobeh
Okawaru
Qazlal
Ru
Sif Muna
Trog
Uskayaw
Vehumet
Wu Jian
Xom
Yredelemnul
Zin
The Shining One
Jiyva

Shops:
D:5 (

Annotations:
D:5 1 runed translucent door, jejorda2's ghost, novice MfBe
D:6 1 runed translucent door, Iich's ghost, novice DsBe
D:7 2 transporters, Joseph; Newt's ghost, novice DsGl
Lair:3 Rupert


Innate Abilities, Weirdness & Mutations

You are immune to sickness and miasma.
Your stone body is resilient. (AC +9)
You are immune to poison.
You resist negative energy. (rN+)
You are resistant to electric shocks. (rElec)
You are resistant to unholy torment.
You are immune to petrification.
You possess an exceptional clarity of mind.
Your magical capacity is low. (-10% MP)
You are somewhat resistant to further mutation.


Message History

You hit Rupert.
Rupert looks as sick as possible!
Rupert is moderately wounded.
You block Rupert's attack.
GONNNNG!
You barely miss Rupert.
Rupert is moderately wounded.
Rupert hits you but does no damage.
You closely miss Rupert.
Rupert is moderately wounded.
Rupert hits you with a +4 great mace of protection!
You closely miss Rupert.
Rupert is moderately wounded.
You barely miss Rupert.
Rupert is moderately wounded.
You block Rupert's attack.
PANG!
You hit Rupert.
Rupert looks as sick as possible!
Rupert is moderately wounded.
You block Rupert's attack.
PANG!
You closely miss Rupert.
Rupert is moderately wounded.
Rupert hits you but does no damage.
You hit Rupert but do no damage.
Rupert looks as sick as possible!
Rupert is moderately wounded.
You block Rupert's attack.
PANG!
You hit Rupert.
Rupert looks as sick as possible!
Rupert is moderately wounded.
You block Rupert's attack.
BONNNG!
You hit Rupert but do no damage.
Rupert is moderately wounded.
You block Rupert's attack.
GONNNNG!
You hit Rupert.
Rupert is moderately wounded.
Rupert hits you with a +4 great mace of protection!!!
Ouch! That really hurt!
You die...

#...###...#......#.##.........###
##...####.##.....................
#....###†.##.....................
#...###....#.....................
##...........♣P.P♣...............
#...........♣♣.~♣...............
#...##.##.#♣♣P~♣♣...........###.
#....###♣♣♣ ♣P@♣♣>♣♣.......###.#
#...##..♣ ♣♣♣.@♣♣♣♣♣.##...# #..
#....#..♣♣♣♣~~~~♣♣~P♣##....###..
##...##.....~..~~..~~..##........
#....#...♣♣♣♣~~~~♣♣~♣~..[........
#P...#...♣♣♣♣♣~..♣ ♣♣#.....+....
#...<......♣ ♣♣~P♣ #~.....#.#.>
##....P....♣ ♣.♣♣ #.~~~.~~~.#.
#...##.#.#♣ ♣♣~♣♣♣###~.~~.~~.~~#
#......##.##♣~.P♣....~~.~.~.~~~#


You could see Rupert (berserk, extremely poisoned).

Vanquished Creatures
  A hydra (Lair:2)
  The ghost of NinjaNoafa the Fighter, a journeyman DjFE of Makhleb (D:8)
  2 boulder beetles
  2 two-headed ogres
  Amaemon (Lair:1)
  3 skeletal warriors (D:11)
  The ghost of Dordric the Basher, a novice GrFi of the Shining One (D:9)
  Pikel (D:7)
  3 harpies (Lair:3)
  A cyclops (D:11)
  A moth of wrath (D:8)
  2 black mambas
  4 elephants (Lair:2)
  A slime creature (D:9)
  An orange demon (Lair:1)
  An unseen horror (D:10)
  4 cane toads
  5 komodo dragons
  3 rime drakes
  A kobold demonologist (D:10)
  5 trolls
  A polar bear (Lair:1)
  4 blink frogs (Lair:2)
  A shadow (D:11)
  55 yaks
  A wyvern (D:10)
  A wraith (D:8)
  A redback (Lair:3)
  3 steam dragons
  A basilisk (Lair:1)
  Menkaure (D:6)
  Edmund (D:4)
  3 acid dragons
  5 water moccasins
  Duvessa (D:5)
  5 ice beasts
  6 orc warriors
  A sky beast (D:6)
  2 black bears
  2 ogres
  9 wolves
  4 centaurs
  A phantom (D:4)
  6 bullfrogs
  7 kobold brigands
  2 scorpions
  4 necrophages
  A gnoll sergeant (D:10)
  Dowan (D:5)
  5 wights (D:9)
  16 killer bees
  3 electric eels
  3 howler monkeys (D:10)
  4 orc priests
  A hound (D:6)
  7 jellies
  2 gnoll boudas
  4 orc wizards
  Ijyb (D:4)
  9 mummies
  12 gnolls
  5 adders
  An ufetubus (D:5)
  3 worms
  2 dart slugs
  33 orcs
  11 ball pythons
  6 bats
  4 endoplasms
  9 giant cockroaches
  12 goblins
  10 hobgoblins
  4 jackals (D:2)
  34 kobolds
  6 quokkas
  4 frilled lizards
  A goblin zombie (D:8)
  2 hobgoblin zombies (Ossuary)
  2 kobold zombies (Ossuary)
  5 orc zombies
  4 rats
399 creatures vanquished.

Vanquished Creatures (others)
  A shadow (D:10)
  6 bushes (Lair:1)
  13 fungi
  29 plants
49 creatures vanquished.

Grand Total: 448 creatures vanquished

Notes
Turn   | Place    | Note
-------+----------+-------------------------------------------
     0 | D:1      | bpung the Gargoyle Fighter began the quest for the Orb.
     0 | D:1      | Reached XP level 1. HP: 14/14 MP: 1/1
    97 | D:1      | Reached XP level 2. HP: 19/19 MP: 2/2
   379 | D:1      | Reached XP level 3. HP: 23/23 MP: 3/3
   465 | D:1      | Found a faded altar of an unknown god.
   694 | D:1      | Gained mutation: You have sharp toenails. [potion of
                  | mutation]
   694 | D:1      | Gained mutation: You have hidden genetic defects. [potion
                  | of mutation]
   694 | D:1      | Gained mutation: Your natural rate of healing is unusually
                  | fast. [potion of mutation]
   725 | D:2      | Gained mutation: You are weak. (Str -2) [hidden defects]
   748 | D:2      | Gained mutation: You are very weak. (Str -4) [hidden
                  | defects]
   748 | D:2      | Lost mutation: You have hidden genetic defects. [hidden
                  | defects expressed]
   888 | D:2      | Reached XP level 4. HP: 29/29 MP: 4/4
  1401 | D:3      | Reached XP level 5. HP: 29/33 MP: 5/5
  1737 | D:4      | Noticed a phantom
  1752 | D:4      | Killed a phantom
  1753 | D:4      | Reached XP level 6. HP: 39/39 MP: 6/6
  1992 | D:4      | Noticed a black bear
  1997 | D:4      | Noticed Ijyb
  2000 | D:4      | Killed a black bear
  2001 | D:4      | Reached skill level 5 in Fighting
  2001 | D:4      | Reached skill level 5 in Armour
  2001 | D:4      | Reached skill level 5 in Shields
  2005 | D:4      | Killed Ijyb
  2006 | D:4      | Reached XP level 7. HP: 44/44 MP: 7/7
  2045 | D:4      | Noticed Edmund
  2074 | D:4      | Killed Edmund
  2326 | D:4      | Lost mutation: Your natural rate of healing is unusually
                  | fast. [potion of mutation]
  2326 | D:4      | Lost mutation: You are very weak. (Str -4) [potion of
                  | mutation]
  2326 | D:4      | Gained mutation: You are robust. (+10% HP) [potion of
                  | mutation]
  2326 | D:4      | Lost mutation: You are robust. (+10% HP) [potion of
                  | mutation]
  2326 | D:4      | Gained mutation: You are frail. (-10% HP) [potion of
                  | mutation]
  2326 | D:4      | Gained mutation: You have a somewhat thin skeletal
                  | structure. (Dex +2, Stealth+) [potion of mutation]
  2552 | D:5      | Entered Level 5 of the Dungeon
  2569 | D:5      | Found a glowing drain.
  2573 | D:5      | Noticed Dowan
  2590 | D:5      | Killed Dowan
  2612 | D:5      | Noticed Duvessa
  2626 | D:5      | Killed Duvessa
  2636 | Sewer    | Entered a sewer
  2668 | Sewer    | Reached XP level 8. HP: 44/45 MP: 8/8
  2755 | Sewer    | Reached skill level 5 in Maces & Flails
  2921 | D:5      | Found a staircase to the Ecumenical Temple.
  2927 | Temple   | Entered the Ecumenical Temple
  3136 | Temple   | Became a worshipper of Makhleb the Destroyer
  3241 | D:5      | Found Rufroh's Weapon Boutique.
  3332 | D:5      | Found a runed translucent door.
  3333 | D:5      | Noticed jejorda2's ghost (novice MfBe)
  3651 | D:6      | Reached XP level 9. HP: 34/50 MP: 9/9
  3657 | D:6      | Reached * piety under Makhleb
  3803 | D:6      | Noticed Menkaure
  3809 | D:6      | Killed Menkaure
  4024 | D:6      | Found a runed translucent door.
  4028 | D:6      | Noticed Iich's ghost (novice DsBe)
  4123 | D:7      | Found a shadowy altar of Dithmenos.
  4123 | D:7      | Noticed Joseph
  4125 | D:7      | Found a blossoming altar of Fedhas.
  4219 | D:7      | Found a glowing golden altar of the Shining One.
  4221 | D:7      | Found a stormy altar of Qazlal.
  4444 | D:7      | Found a transporter.
  4448 | D:7      | Noticed a brown ugly thing
  4448 | D:7      | Noticed Newt's ghost (novice DsGl)
  4456 | D:7      | Found a transporter.
  4467 | D:7      | Noticed Pikel
  4499 | D:7      | Killed Pikel
  4906 | D:8      | Lost mutation: You are frail. (-10% HP) [potion of
                  | mutation]
  4906 | D:8      | Lost mutation: You have a somewhat thin skeletal structure.
                  | (Dex +2, Stealth+) [potion of mutation]
  4906 | D:8      | Lost mutation: You have sharp toenails. [potion of
                  | mutation]
  4906 | D:8      | Gained mutation: Your body sometimes deteriorates upon
                  | taking damage. [potion of mutation]
  4906 | D:8      | Gained mutation: You are partially covered in iridescent
                  | scales. (AC +2) [potion of mutation]
  5065 | D:8      | Reached ** piety under Makhleb
  5068 | D:8      | Reached XP level 10. HP: 64/64 MP: 10/10
  5130 | D:8      | Lost mutation: Your body sometimes deteriorates upon taking
                  | damage. [potion of mutation]
  5130 | D:8      | Lost mutation: You are weak. (Str -2) [potion of mutation]
  5130 | D:8      | Lost mutation: You are partially covered in iridescent
                  | scales. (AC +2) [potion of mutation]
  5130 | D:8      | Gained mutation: Your magical capacity is low. (-10% MP)
                  | [potion of mutation]
  5130 | D:8      | Gained mutation: You possess an exceptional clarity of
                  | mind. [potion of mutation]
  5130 | D:8      | Gained mutation: You are somewhat resistant to further
                  | mutation. [potion of mutation]
  5217 | D:8      | Found a sand-covered staircase.
  5234 | Ossuary  | Entered an ossuary
  5535 | D:8      | Identified the +1 chain mail of Oghexe Xalig {*Slow rC+
                  | Dex+2}
  5567 | D:8      | Found a transporter.
  5568 | D:8      | Noticed NinjaNoafa's ghost (journeyman DjFE)
  5581 | D:8      | Found a transporter.
  5588 | D:8      | Noticed a moth of wrath
  5609 | D:8      | Killed a moth of wrath
  5768 | D:8      | Killed NinjaNoafa's ghost
  5908 | D:8      | Reached *** piety under Makhleb
  6216 | D:9      | Noticed a two-headed ogre
  6245 | D:9      | Killed a two-headed ogre
  6335 | D:9      | Reached XP level 11. HP: 71/71 MP: 9/9
  6365 | D:9      | Found a runed translucent gate.
  6365 | D:9      | Found a runed translucent gate.
  6365 | D:9      | Found a runed translucent gate.
  6368 | D:9      | Noticed Dordric's ghost (novice GrFi)
  6485 | D:9      | Reached skill level 10 in Shields
  6671 | D:9      | Reached skill level 10 in Fighting
  6721 | D:9      | Noticed a boulder beetle
  6743 | D:9      | Killed a boulder beetle
  6744 | D:9      | Reached skill level 10 in Armour
  6903 | D:9      | Found a viscous altar of Jiyva.
  7001 | D:9      | Killed Dordric's ghost
  7053 | D:10     | Entered Level 10 of the Dungeon
  7053 | D:10     | Noticed a two-headed ogre
  7075 | D:10     | Killed a two-headed ogre
  7086 | D:10     | Reached **** piety under Makhleb
  7313 | D:10     | Noticed a sun demon
  7536 | D:10     | Reached XP level 12. HP: 79/79 MP: 10/10
  7849 | D:11     | Reached skill level 10 in Maces & Flails
  7873 | D:11     | Found a staircase to the Lair.
  7924 | D:11     | Reached ***** piety under Makhleb
  8195 | D:11     | Found a staircase to the Orcish Mines.
  8432 | D:11     | Noticed a boulder beetle
  8454 | D:11     | Killed a boulder beetle
  8582 | D:11     | Identified a scroll of acquirement
  8582 | D:11     | Acquired the +18 shield of the Gong {rElec rN+ Will+ EV-5}
  8582 | D:11     | Found the +18 shield of the Gong {rElec rN+ Will+ EV-5}
  8888 | Lair:1   | Entered Level 1 of the Lair of Beasts
  8943 | Lair:1   | Noticed Amaemon
  8975 | Lair:1   | Killed Amaemon
  9507 | Lair:1   | Reached XP level 13. HP: 86/86 MP: 11/11
 11216 | Lair:3   | Noticed Rupert
 11255 | Lair:3   | HP: 4/87 [Rupert/+4 great mace of protection (14)]
 11421 | Lair:3   | Found a hole to the Spider Nest.
 11792 | Lair:3   | Slain by Rupert

Illustrated notes

Levels and vault maps discovered:
D:1:      enne_arrival_octagon_isle, layout_loops_ring,
          ebering_ecumenical_altar_hall, st_stairs_5,
          chequers_hall_statues_corner_a
D:2:      layout_basic
D:3:      layout_rooms
D:4:      layout_basic, minmay_crystal_water, uniq_edmund, uniq_ijyb
D:5:      layout_rooms, minmay_temple_entry_fiery, serial_shops,
          nicolae_shop_bloodbath_and_beyond, gammafunk_ghost_grave,
          portal_sewer_entry_f, uniq_duvessa
D:6:      layout_basic, ebering_ghost_reflecting_pool, uniq_menkaure
D:7:      layout_basic, nicolae_overflow_hidden_temple, gammafunk_ghost_arena,
          uniq_pikel, uniq_joseph
D:8:      layout_basic, nicolae_ossuary_entry_giza,
          gammafunk_ghost_berserking_beasts
D:9:      layout_long_grid, gammafunk_ghost_ooze, serial_park_tiny_1,
          minmay_holes
D:10:     layout_basic, minmay_joined_circles
D:11:     layout_irregular_city, lair_entry_dummy, erik_orc_3
Temple:   regret_index_temple_chain_breaker
Lair:1:   layout_small_grid, serial_forest, infiniplex_forest_end_2,
          infiniplex_forest_lined_2, infiniplex_forest_corner_2,
          infiniplex_forest_lined_1, infiniplex_forest_lined_2,
          infiniplex_forest_corner_1, eino_small_chamber_without_monster,
          hangedman_lair_unloving_vines, grunt_megastairs_3, uniq_amaemon
Lair:2:   layout_roguey, infiniplex_staircase_pool, grunt_megastairs_5
Lair:3:   layout_regular_city, nicolae_shoals_entry_roost, spider_nest_entry_a,
          serial_bayou_crossing, uniq_rupert

Skill      XL: |  1  2  3  4  5  6  7  8  9 10 11 12 13 |
---------------+----------------------------------------+-----
Shields        | 4 5 6 8 9 11 12 13 | 13.1
Fighting       | 4 5 6 8 9 10 12 13 | 13.1
Armour         | 4 5 6 8 9 10 12 13 | 13.1
Maces & Flails | 3 4 5 7 8 9 11 | 11.8

Action                   |  1- 3 |  4- 6 |  7- 9 | 10-12 | 13-15 || total
-------------------------+-------+-------+-------+-------+-------++-------
Melee: Flail             |    94 |   166 |   128 |    67 |       ||   455
       Kick              |     3 |    46 |    78 |       |       ||   127
       Whip              |       |       |   223 |  1304 |   502 ||  2029
  Use: Scroll            |     4 |     5 |     1 |     5 |     3 ||    18
       Potion            |     3 |     4 |     2 |     7 |     2 ||    18
Armor: Scale mail        |    40 |       |       |       |       ||    40
       Chain mail        |     3 |   131 |   218 |     6 |       ||   358
       Plate armour      |       |       |       |   743 |   166 ||   909
Dodge: Dodged            |    34 |    47 |    77 |   210 |    11 ||   379
Block: Kite shield       |    50 |   116 |   227 |   886 |   552 ||  1831
       Buckler           |     2 |       |       |       |       ||     2

Table legend: (Time is in decaauts)
 A = Elapsed time spent in this place.
 B = Non-inter-level travel time spent in this place.
 C = Inter-level travel time spent in this place.
 D = Time resting spent in this place.
 E = Time spent auto-exploring this place.
 F = Levels seen in this place.
 G = Mean time per level.
                   A        B        C        D        E       F      G
               +--------+--------+--------+--------+--------+-----+--------+
         Total |  11919 |  11616 |    303 |    112 |   7177 |  17 |  701.1 |
       Dungeon |   8302 |   8076 |    226 |     67 |   4952 |  11 |  754.7 |
        Temple |    229 |    209 |     20 |      0 |     66 |   1 |  229.0 |
          Lair |   2855 |   2798 |     57 |     45 |   1952 |   3 |  951.7 |
         Sewer |    294 |    294 |      0 |      0 |     98 |   1 |  294.0 |
       Ossuary |    237 |    237 |      0 |      0 |    108 |   1 |  237.0 |
               +--------+--------+--------+--------+--------+-----+--------+

Top non-repeatable levels by time:
  Lair:1: 1311 daAuts
    D:11: 1079 daAuts
     D:9: 988 daAuts
     D:8: 954 daAuts
  Lair:2: 945 daAuts
     D:4: 892 daAuts
     D:7: 845 daAuts
    D:10: 756 daAuts
     D:1: 737 daAuts
     D:2: 603 daAuts
  Lair:3: 597 daAuts
     D:5: 519 daAuts
     D:6: 503 daAuts
     D:3: 422 daAuts
   Sewer: 294 daAuts
